 Dungeon Crawl Stone Soup version 0.25-a0-632-g7713895373 (webtiles) character file.

Game seed: 198301119222490826, levelgen mode: deterministic

175 Lauz the Grave Robber (level 5, -1/35 HPs)
             Began as a Demonspawn Necromancer on Mar 19, 2020.
             Killed from afar by an orc wizard (6 damage)
             ... with a magic dart
             ... on level 4 of the Dungeon.
             The game lasted 00:17:56 (4052 turns).

Lauz the Grave Robber (Demonspawn Necromancer)      Turns: 4052, Time: 00:17:56

Health: -1/35      AC:  5    Str:  7 (9)  XL:     5   Next: 29%
Magic:  6/10       EV: 12    Int: 14 (17) God:
Gold:   221        SH:  0    Dex: 10 (13) Spells: 2/11 levels left

rFire    . . .     SeeInvis .   (no weapon)
rCold    . . .     Gourm    .   (no shield)
rNeg     . . .     Faith    .   a - +0 robe
rPois    .         Spirit   .   (no helmet)
rElec    .         Reflect  .   (no cloak)
rCorr    .         Harm     .   (no gloves)
MR       .....                  d - +0 pair of boots
Stlth    +++.......             (no amulet)
HPRegen  0.11/turn              (no ring)
MPRegen  0.12/turn              (no ring)

@: very slightly contaminated, hasted, very quick
A: slimy green scales 1, nightstalker 1
a: no special abilities


You were on level 4 of the Dungeon.
You were not hungry.

You visited 1 branch of the dungeon, and saw 4 of its levels.

You collected 221 gold pieces.

Inventory:

Armour
 a - a +0 robe (worn)
 d - a +0 pair of boots (worn)
 i - a cursed +0 leather armour
Jewellery
 k - an uncursed ring of magical power {unknown}
Wands
 p - a wand of iceblast (9)
Scrolls
 b - a scroll of immolation {unknown}
 e - a scroll of fear {unknown}
 f - 5 scrolls of identify {unknown}
 g - a scroll of enchant weapon {unknown}
 h - a scroll of teleportation {unknown}
 m - a scroll of remove curse {unknown}
 q - 3 scrolls of enchant armour {unknown}
Potions
 n - a potion of flight {unknown}
Comestibles
 c - 10 rations


   Skills:
 - Level 1.7 Dodging
 + Level 2.0 Stealth
 + Level 3.6 Spellcasting
 * Level 6.1 Necromancy


You had 2 spell levels left.
You knew the following spells:

 Your Spells              Type           Power        Failure   Level  Hunger
a - Pain                  Necr           ###.         1%          1    None
b - Animate Skeleton      Necr           N/A          1%          1    None
c - Vampiric Draining     Necr           ###.......   4%          3    ###....
d - Animate Dead          Necr           N/A          16%         4    ####...

Your spell library contained the following spells:

 Spells                   Type           Power        Failure   Level  Hunger
 Summon Small Mammal      Summ           #...         21%         1    None
 Call Imp                 Summ           #.......     30%         2    ##.....
 Agony                    Necr           ###.....     41%         5    ######.
 Call Canine Familiar     Summ           #.......     52%         3    ###....
 Summon Guardian Golem    Hex/Summ       #.......     52%         3    ###....
 Summon Ice Beast         Ice/Summ       #.......     90%         4    ####...
 Summon Lightning Spire   Summ/Air       #.......     90%         4    ####...


Dungeon Overview and Level Annotations

Branches:
Dungeon (4/15)
 Temple: D:4-7

Altars:
Ashenzari
Vehumet
Yredelemnul


Innate Abilities, Weirdness & Mutations

You are partially covered in slimy green scales. (AC +2)
You are slightly more attuned to the shadows.


Message History

Confirm with . or Enter, or press ? or * to list all spells.
Aiming: Pain (safe; 1% risk of failure)
Press: ? - help, Shift-Dir - straight line, f/p - orc wizard
Aim: an orc wizard, wielding a +0 hand axe and wearing a +0 robe of magic resistance (heavily wounded, chance to defeat MR: 51%)
The orc wizard resists with significant effort.
The orc wizard hits you with a +0 hand axe!
The orc priest calls down the wrath of Beogh upon you.
Beogh smites you!
* * * LOW HITPOINT WARNING * * *
Okay, then.
It was a potion of degeneration.
There was something very wrong with that liquid.
You feel weakened.
You feel dopey.
You feel clumsy. The orc wizard closely misses you.
It was a potion of haste.
You feel yourself speed up.
The orc wizard gestures at you while chanting.
You resist with some effort.
The orc wizard points at you and mumbles some strange words.
The magic dart hits you.
You die...

###...### #.......
........##############...........
###...#..........o..o)...........
......########..o#####.#.........
###...# #...#####.#......... #
#...# ######...#...............
###.#####...##.[...###.#........%
..................## #.#.....(...
....## #.......@## #.#.<..)<...
.....####...#....# #[..#######.
###.........##..<## ###..# #. #
#..#########....### #..# ###.
###).# ####...## #..## #...
(....# ###..###...###.## .....#
##.##..#..#O.# ######
#....###.รท<## ###### #####


You could see an orc priest and an orc wizard.

Vanquished Creatures
  A howler monkey (D:4)
  A worker ant (D:3)
  4 adders
  A worm (D:3)
  3 dart slugs
  A leopard gecko (D:4)
  5 orcs
  3 giant cockroaches
  2 goblins (D:2)
  8 hobgoblins
  2 jackals (D:4)
  2 ball pythons
  7 bats
  2 frilled lizards (D:2)
  4 kobolds
  9 rats
55 creatures vanquished.

Vanquished Creatures (collateral kills)
  An adder (D:3)
  2 orcs
  A bat (D:2)
  A hobgoblin (D:2)
  A kobold (D:2)
6 creatures vanquished.

Grand Total: 61 creatures vanquished

Notes
Turn   | Place    | Note
-------+----------+-------------------------------------------
     0 | D:1      | Lauz the Demonspawn Necromancer began the quest for the
                  | Orb.
     0 | D:1      | Reached XP level 1. HP: 13/13 MP: 3/3
   153 | D:2      | Found a radiant altar of Vehumet.
   299 | D:1      | Learned a level 1 spell: Animate Skeleton
   794 | D:1      | Gained mutation: You are slightly more attuned to the
                  | shadows. [demonic ancestry]
   794 | D:1      | Reached XP level 2. HP: 8/19 MP: 1/5
  1497 | D:2      | Gained mutation: You are partially covered in slimy green
                  | scales. (AC +2) [demonic ancestry]
  1497 | D:2      | Reached XP level 3. HP: 7/24 MP: 0/7
  1821 | D:2      | Found a basalt altar of Yredelemnul.
  1951 | D:2      | Learned a level 3 spell: Vampiric Draining
  2227 | D:2      | Found a shattered altar of Ashenzari.
  2236 | D:2      | Reached skill level 5 in Necromancy
  2327 | D:2      | Found a faded altar of an unknown god.
  2494 | D:2      | Reached XP level 4. HP: 23/30 MP: 0/8
  3677 | D:4      | Reached skill level 6 in Necromancy
  3677 | D:4      | Reached XP level 5. HP: 25/35 MP: 2/10
  3686 | D:4      | Noticed an ogre
  3855 | D:4      | Learned a level 4 spell: Animate Dead
  4052 | D:4      | Killed from afar by an orc wizard

Levels and vault maps discovered:
D:1:      dpeg_arrival_castle, layout_basic
D:2:      wad_crossroads, layout_rooms, lemuel_round_altar, old_standard_altar,
          yredelemnul_altar_generic, chequers_ecumenical_altar_grove,
          kennysheep_nondescript
D:3:      layout_basic, nicolae_overflow_hidden_temple, first_ration
D:4:      layout_rooms, overflow_temple_1_default,
          hangedman_abyss_or_decor_stagger, minmay_misc_feat_cross,
          uniq_crazy_yiuf_cottage

Skill      XL: |  1  2  3  4 |
---------------+-------------+-----
Stealth        | 2 |  2.0
Spellcasting   | 3 |  3.6
Necromancy     | 5 6 |  6.1
Dodging        | |  1.7

Action                   |  1- 3 |  4- 6 || total
-------------------------+-------+-------++-------
Melee: Unarmed           |    16 |       ||    16
 Cast: Pain              |    80 |    53 ||   133
       Animate Skeleton  |    15 |     5 ||    20
       Vampiric Draining |       |     3 ||     3
  Use: Potion            |     1 |     2 ||     3
  Eat: Chunk             |     6 |     4 ||    10
Armor: Robe              |    12 |       ||    12
Dodge: Dodged            |    35 |    10 ||    45

Table legend:
 A = Non-vault XP
 B = Vault XP
 C = Vault XP percentage of total XP
 D = Non-vault monster count
 E = Vault monster count
 F = Vault count percentage of total count
                 A         B        C        D         E       F
            +---------+---------+-------+---------+---------+-------
      Total |     235 |      16 |   6.4 |      58 |       3 |   4.9
            +---------+---------+-------+---------+---------+-------
        D:1 |      26 |       0 |   0.0 |      15 |       0 |   0.0
        D:2 |      57 |      16 |  21.9 |      22 |       3 |  12.0
        D:3 |      81 |       0 |   0.0 |      13 |       0 |   0.0
        D:4 |      71 |       0 |   0.0 |       8 |       0 |   0.0
            +---------+---------+-------+---------+---------+-------
